 Seeded DCSS version 0.30.1-4-g462c640d31 (webtiles) character file.

Game seed: 2356664674282116023 (custom seed)

288 Psyclone the Covert (level 6, -2/30 HPs)
             Began as a Spriggan Warper on Sept 18, 2023.
             Slain by an orc priest
             ... wielding a +0 war axe
              (8 damage)
             ... on level 4 of the Dungeon on Sept 19, 2023.
             The game lasted 00:12:00 (3940 turns).

Psyclone the Covert (Spriggan Warper)               Turns: 3940, Time: 00:12:00

Health: -2/30      AC:  5    Str:  7    XL:     6   Next: 9%
Magic:  11/11      EV: 18    Int: 15    God:
Gold:   118        SH:  0    Dex: 16    Spells: 10/10 levels left

rFire   . . .        g - +0 dagger
rCold   . . .        (no shield)
rNeg    . . .        b - +0 robe
rPois   +            (helmet restricted)
rElec   .            t - +2 cloak {rPois}
rCorr   .            (gloves unavailable)
SInv    +            (boots unavailable)
Will    +....        (no amulet)
Stlth   ++++         q - ring of flight
HPRegen 0.25/turn    (no ring)
MPRegen 0.12/turn

%: no passive effects
@: flying, very quick
A: very small, no large weapons, unfitting armour, see invisible, speed 3
a: no special abilities


You were on level 4 of the Dungeon.
You visited 1 branch of the dungeon, and saw 4 of its levels.

You collected 118 gold pieces.

Inventory:

Hand Weapons
 a - a +0 short sword
 g - a +0 dagger (weapon)
Missiles
 d - 6 boomerangs of dispersal (quivered)
Armour
 b - a +0 robe (worn)
 t - a +2 cloak of poison resistance (worn)
Jewellery
 l - a ring of fire
 q - a ring of flight (left hand)
Wands
 u - a wand of roots (7)
Scrolls
 c - a scroll of blinking
 e - a scroll of fear {unknown}
 h - 4 scrolls of identify {unknown}
 i - a scroll of enchant weapon {unknown}
 j - a scroll of fog {unknown}
 k - 2 scrolls of poison {unknown}
 m - a scroll of brand weapon {unknown}
 n - a scroll of enchant armour {unknown}
 r - a scroll of amnesia {unknown}
 s - a scroll of silence {unknown}
Potions
 f - 5 potions of brilliance {unknown}
 o - a potion of curing {unknown}
 p - 2 potions of haste {unknown}


   Skills:
 - Level 1.5 Fighting
 + Level 3.7 Short Blades
 - Level 1.0 Throwing
 - Level 3.2 Dodging
 + Level 8.4 Stealth
 - Level 2.6 Spellcasting
 - Level 4.4 Translocations


You had 10 spell levels left.
You didn't know any spells.
Your spell library contained the following spells:

 Spells                   Type           Power      Damage    Failure   Level
 Blink                    Tloc           30%        N/A       5%          2
 Lesser Beckoning         Tloc           30%        N/A       5%          2
 Gell's Gravitas          Tloc           15%        N/A       11%         3
 Teleport Other           Tloc           15%        N/A       11%         3
 Slow                     Hex            8%         N/A       21%         1
 Vhi's Electric Charge    Tloc/Air       16%        N/A       26%         3
 Manifold Assault         Tloc           15%        N/A       34%         4
 Confusing Touch          Hex            2%         N/A       52%         3
 Vampiric Draining        Necr           2%         2d6       52%         3
 Dispersal                Tloc           7%         N/A       99%         6


Dungeon Overview and Level Annotations

Branches:
Dungeon (4/15) Zot: 21299
 Temple: D:4-7

Altars:
Gozag
Wu Jian
Yredelemnul


Innate Abilities, Weirdness & Mutations

You are very small and have problems with some larger weapons.
You are too small for most types of armour.
You have supernaturally acute eyesight. (SInv)
You cover ground extremely quickly. (Speed+++)


Message History

You take 2 damage, and have 18/30 hp.
You hit the orc priest.
The orc priest is moderately wounded.
The orc priest misses you.
You hit the orc priest.
The orc priest is heavily wounded.
The orc priest misses you.
You hit the orc priest.
The orc priest is severely wounded.
The orc priest mumbles some strange prayers to Beogh against you.
Beogh smites you!
You take 9 damage, and have 10/30 hp.
MASSIVE DAMAGE!!
You closely miss the orc priest.
The orc priest is severely wounded.
The orc priest barely misses you.
You hit the orc priest but do no damage.
The orc priest is severely wounded.
You closely miss the orc priest.
The orc priest is severely wounded.
The orc priest invokes the aid of Beogh against you.
Pain shoots through your body!
* * * LOW HITPOINT WARNING * * *
You take 2 damage, and have 8/30 hp.
You closely miss the orc priest.
The orc priest is severely wounded.
The orc priest calls down the wrath of Beogh upon you.
Pain shoots through your body!
* * * LOW HITPOINT WARNING * * *
The orc barely misses you.
You take 3 damage, and have 5/30 hp.
You closely miss the orc priest.
The orc priest is severely wounded.
The orc priest closely misses you. The orc misses you.
You barely miss the orc priest.
The orc priest is severely wounded.
The orc priest completely misses you. The orc completely misses you.
You barely miss the orc priest.
The orc priest is severely wounded.
The orc priest hits you with a +0 war axe!
You die...

########## #. #........#
#...###### #........#
#....o@oo# #........##
##...####o####........##
....oooo..o.....)รท....#.
##...#####......##......
## ##........#.........
#.....##....##.....#
#...#.......####[....#
#... #.........##.....#
#.# ######.#.........#


You could see an orc priest and 4 orcs.

Vanquished Creatures
  A centaur (D:3)
  Crazy Yiuf (D:3)
  Jessica (D:2)
  5 adders
  2 worms
  3 dart slugs
  7 ball pythons
  8 bats
  10 endoplasms
  4 giant cockroaches
  6 hobgoblins
  16 jackals (D:1)
  6 quokkas
  3 frilled lizards
  7 goblins
  5 kobolds
  11 rats
96 creatures vanquished.

Notes
Turn   | Place    | Note
-------+----------+-------------------------------------------
     0 | D:1      | Psyclone the Spriggan Warper began the quest for the Orb.
     0 | D:1      | Reached XP level 1. HP: 10/10 MP: 5/5
   180 | D:1      | Reached skill level 1 in Stealth
   204 | D:1      | Reached skill level 2 in Stealth
   289 | D:1      | Reached XP level 2. HP: 12/14 MP: 6/6
   334 | D:1      | Reached skill level 3 in Stealth
   610 | D:1      | Reached skill level 4 in Stealth
   646 | D:1      | Reached XP level 3. HP: 13/18 MP: 8/8
   895 | D:1      | Reached skill level 5 in Stealth
  1681 | D:2      | Reached XP level 4. HP: 17/22 MP: 9/9
  1716 | D:2      | Reached skill level 6 in Stealth
  2100 | D:2      | Noticed Jessica
  2234 | D:2      | Killed Jessica
  2289 | D:2      | Reached skill level 7 in Stealth
  2771 | D:3      | Reached XP level 5. HP: 25/25 MP: 10/10
  2783 | D:3      | Found a basalt altar of Yredelemnul.
  2938 | D:3      | Found an ornate altar of the Wu Jian Council.
  3194 | D:3      | Found an opulent altar of Gozag.
  3298 | D:3      | Noticed a centaur
  3305 | D:3      | Killed a centaur
  3306 | D:3      | Reached skill level 8 in Stealth
  3402 | D:3      | Found a runed translucent door.
  3403 | D:3      | Noticed Crazy Yiuf
  3410 | D:3      | Killed Crazy Yiuf
  3520 | D:4      | Noticed an ogre
  3531 | D:4      | Noticed a steam dragon
  3586 | D:4      | Reached XP level 6. HP: 23/30 MP: 11/11
  3738 | D:4      | Identified the +7 long sword of Noon {vamp, +Blink Will+}
  3940 | D:4      | Slain by an orc priest

Illustrated notes

Levels and vault maps discovered:
D:1:      lightli_arrival_chessboard, layout_basic
D:2:      layout_loops_ring, hangedman_decor_riveting,
          chequers_serial_rivers_room_a, uniq_jessica
D:3:      layout_basic, pdpol_wu_jian_five_deadly_venoms,
          mainiacjoe_overflow_cross_hatched, mainiacjoe_overflow_alcove_2,
          uniq_crazy_yiuf_cottage
D:4:      layout_rooms, kennysheep_generic_room_13

Skill      XL: |  1  2  3  4  5 |
---------------+----------------+-----
Stealth        | 2 4 5 7 8 |  8.4
Short Blades   | 3 |  3.7
Fighting       | |  1.5
Throwing       | |  1.0
Dodging        | |  3.2
Spellcasting   | |  2.6
Translocations | |  4.4

Action                     |  1- 3 |  4- 6 || total
---------------------------+-------+-------++-------
  Melee: Short sword       |    25 |       ||    25
         Dagger            |   250 |   217 ||   467
         Punch             |     1 |     4 ||     5
  Throw: Boomerang         |     1 |       ||     1
   Stab: Sleeping          |    12 |    17 ||    29
 Armour: Robe              |    25 |    19 ||    44
  Dodge: Dodged            |   233 |   131 ||   364
